 Dungeon Crawl Stone Soup version 0.31-a0-1388-g4b2ba238e7 (webtiles) character file.

Game seed: 1842927446223557465

71 BigPumpCobain the Ruffian (level 4, -4/63 HPs)
             Began as a Troll Shapeshifter on Dec 25, 2023.
             Slain by an ogre
             ... wielding a +0 giant club
              (7 damage)
             ... on level 6 of the Dungeon.
             The game lasted 00:02:03 (1420 turns).

BigPumpCobain the Ruffian (Troll Shapeshifter)      Turns: 1420, Time: 00:02:03

Health: -4/63      AC: 22    Str: 24    XL:     4   Next: 5%
Magic:  3/3        EV:  1    Int: 12    God:
Gold:   195        SH:  0    Dex:  9    Spells: 3/3 levels left

rFire   . .          .
                       - Unarmed
rCold   . . .        (no shield)
rNeg    . . .        a - melded +0 animal skin
rPois   +            (helmet currently unavailable)
rElec   .            (cloak currently unavailable)
rCorr   .            (gloves unavailable)
SInv    .            (boots unavailable)
Will    .....        (no amulet)
Stlth   +            k - +6 ring of intelligence
HPRegen 1.10/turn    (no ring)
MPRegen 0.08/turn

%: no passive effects
@: tree-form, marked
A: stationary, stasis, torment immunity, boosted hp, large, unfitting armour,
(claws 3), regeneration 1, (shaggy fur 1), (tough skin 1)
a: no special abilities


You were on level 6 of the Dungeon.
You were a tree.
You visited 1 branch of the dungeon, and saw 4 of its levels.

You collected 195 gold pieces.

Inventory:

Armour
 a - a +0 animal skin (melded)
Jewellery
 k - a +6 ring of intelligence (left branch)
 p - a +6 ring of strength
 r - a +6 ring of strength
Talismans
 c - a beast talisman
 d - a flux talisman
Wands
 n - a wand of polymorph (4)
Scrolls
 f - 3 scrolls of amnesia {unknown}
 g - a scroll of enchant armour {unknown}
 h - a scroll of vulnerability {unknown}
 l - a scroll of blinking {unknown}
 o - a scroll of enchant weapon {unknown}
 q - 2 scrolls of teleportation {unknown}
Potions
 e - a potion of might {unknown}
 i - a potion of attraction {unknown}
 j - a potion of curing {unknown}
 m - a potion of mutation {unknown}


   Skills:
 + Level 2.0 Fighting
 - Level 1.5 Dodging
 + Level 3.6 Unarmed Combat
 + Level 3.6 Shapeshifting


You had 3 spell levels left.
You didn't know any spells.
Your spell library was empty.

Dungeon Overview and Level Annotations

Branches:
Dungeon (3/15)

Altars:
Zin


Innate Abilities, Weirdness & Mutations

You are a tree.
Your roots penetrate the ground, keeping you stationary.
You cannot be teleported.
You are immune to unholy pain and torment.
Your maximum health is greatly increased.
Your equipment is partially melded.
You are too large for most types of armour.
((You have claws for hands.))
Your natural rate of healing is unusually fast.
((You are covered in fur. (AC +1)))
((You have tough skin. (AC +1)))


Message History

A bullfrog comes into view.
The bullfrog gives a loud, deep croak!
A scorpion comes into view.
You open the door.
A black bear comes into view.
Found 14 gold pieces.
You scratch the black bear but do no damage.
You claw the black bear.
The black bear is lightly wounded.
The ogre hits you with a +0 giant club!!
The black bear attacks as it pursues you!
The black bear barely misses you. The black bear claws you. x2
The bullfrog attacks as it pursues you! The bullfrog barely misses you.
The ogre attacks as it pursues you! The ogre closely misses you.
The bullfrog completely misses you. The black bear bites you.
The black bear barely misses you. The black bear claws you.
The black bear closely misses you. x3
You set off the alarm!
The alarm trap emits a blaring wail!
A sentinel's mark forms upon you.
You hear a shout! x2
The bullfrog hits you.
* * * LOW HITPOINT WARNING * * *
The black bear closely misses you.
The black bear claws you but does no damage.
The black bear closely misses you.
Your transformation has ended.
You turn into a tree.
Your +0 animal skin melds into your body.
Your roots penetrate the ground.
The ogre hits you with a +0 giant club!!
* * * LOW HITPOINT WARNING * * *
The bullfrog hits you but does no damage.
The black bear bites you but does no damage.
The black bear claws you but does no damage. x2
You hit the ogre.
The ogre is lightly wounded.
The bullfrog hits you but does no damage.
The ogre hits you with a +0 giant club!
You die...

########
#......#
#......###
#......F♣#
######.hO#
#..s#######
#...'$.....
#...######.
###.# #.#
... #...


You could see a black bear, an ogre, a bullfrog and a scorpion.

Vanquished Creatures
  2 adders (D:2)
  2 dart slugs
  6 ball pythons
  3 endoplasms
  A giant cockroach (D:1)
  4 goblins
  4 hobgoblins
  7 jackals (D:1)
  3 quokkas (D:1)
  6 bats
  2 frilled lizards (D:3)
  2 kobolds (D:1)
  3 rats (D:1)
45 creatures vanquished.

Notes
Turn   | Place    | Note
-------+----------+-------------------------------------------
     0 | D:1      | BigPumpCobain the Troll Shapeshifter began the quest for
                  | the Orb.
     0 | D:1      | Reached XP level 1. HP: 18/18 MP: 0/0
   131 | D:1      | Reached skill level 1 in Fighting
   246 | D:1      | Reached XP level 2. HP: 25/27 MP: 1/1
   262 | D:1      | Found a faded altar of an unknown god.
   290 | D:1      | Prayed at the altar of an unknown god.
   609 | D:1      | Reached XP level 3. HP: 29/33 MP: 2/2
  1322 | D:3      | Reached XP level 4. HP: 42/42 MP: 3/3
  1398 | D:3      | You fall into a shaft and drop 3 floors!
  1408 | D:6      | Noticed an ogre
  1410 | D:6      | Noticed a bullfrog
  1412 | D:6      | Noticed a scorpion
  1413 | D:6      | Noticed a black bear
  1419 | D:6      | HP: 2/63 [ogre/+0 giant club (18)]
  1420 | D:6      | Slain by an ogre

Illustrated notes

Levels and vault maps discovered:
D:1:      dpeg_arrival_rhombi, layout_basic, dreamdust_ecumenical_altar_grove
D:2:      layout_basic
D:3:      layout_loops_corners, mainiacjoe_overflow_concentric_impassable,
          minmay_pentangle
D:6:      layout_basic, nemelex_spade_bored_becter

Skill      XL: |  1  2  3 |
---------------+----------+-----
Fighting       | 1 2 |  2.0
Dodging        | |  1.5
Unarmed Combat | |  3.6
Shapeshifting  | |  3.6

Action                     |  1- 3 |  4- 6 || total
---------------------------+-------+-------++-------
  Melee: Unarmed           |    81 |     5 ||    86
         Punch             |     1 |     1 ||     2
    Use: Potion            |       |     1 ||     1
   Stab: Sleeping          |     1 |       ||     1
 Armour: Animal skin       |    43 |     8 ||    51
         Skin              |       |     7 ||     7
  Dodge: Dodged            |    36 |    12 ||    48

Table legend: (Time is in decaauts)
 A = Elapsed time spent in this place.
 B = Non-inter-level travel time spent in this place.
 C = Inter-level travel time spent in this place.
 D = Time resting spent in this place.
 E = Time spent auto-exploring this place.
 F = Levels seen in this place.
 G = Mean time per level.
                   A        B        C        D        E       F      G
               +--------+--------+--------+--------+--------+-----+--------+
         Total |   1412 |   1377 |     35 |      0 |   1150 |   4 |  353.0 |
       Dungeon |   1412 |   1377 |     35 |      0 |   1150 |   4 |  353.0 |
               +--------+--------+--------+--------+--------+-----+--------+

Top non-repeatable levels by time:
     D:1: 836 daAuts
     D:2: 459 daAuts
     D:3: 95 daAuts
     D:6: 21 daAuts
